cohdb
Replays
Latest Replays
All Replays
Popular Replays
Top Player Replays
Match Explorer
How It Works
Community
CoH3 Stats
Reddit
Sign in to upload your games and track your stats! →
Sign in with Steam
Match 47220889
Unlisted
Match 47220889
Overview
Messages
Build Orders
End
Construct Infanterie Kompanie
Grenadier Squad
Grenadier Squad
Grenadier Squad
Grenadier Squad
Construct Luftwaffe Kompanie
Medical Bunker
Construct Panzer Kompanie
Panzer IV Medium Tank
Luftwaffe Officer Quarters
Repair Bunker
Panzer IV Medium Tank
Infanterie Officer Quarters
Pioneer Squad
Selects Breakthrough Battlegroup
Selects 2.5-tonne Cargo Truck
Selects Blitzkrieg
Selects Tiger Heavy Tank
Tiger Heavy Tank
Construct Panzergrenadier Kompanie
Jäger Squad
Pak 40 Anti-tank Gun Team
Pak 40 Anti-tank Gun Team
Stoßtruppen Squad
Stoßtruppen Squad
Sturmpanzer IV Brummbär
Selects Assault Grenadiers
Selects Smoke Bombing Run
Selects Incendiary Bombing Run
Incendiary Bombing Run
Smoke Bombing Run
Incendiary Bombing Run
Panzer IV Medium Tank
Take care of yourself
Tiensin
Boneless
4IRT
0
0
Comments
sign in to comment!
No comments posted yet!